 Dungeon Crawl Stone Soup version 0.25-a0-785-gb22c70e859 (webtiles) character file.

Game seed: 6431365403086418717, levelgen mode: deterministic

30 Maedhros the Poker (level 3, -1/26 HPs)
             Began as an Octopode Fighter on Apr 17, 2020.
             Slain by a worker ant (2 damage)
             ... on level 3 of the Dungeon.
             The game lasted 00:00:38 (1102 turns).

Maedhros the Poker (Octopode Fighter)               Turns: 1102, Time: 00:00:39

Health: -1/26      AC:  1    Str: 15    XL:     3   Next: 20%
Magic:  3/3        EV: 11    Int: 10    God:
Gold:   15         SH:  8    Dex: 12    Spells: 2/2 levels left

rFire    . . .     SeeInvis .   a - +0 trident
rCold    . . .     Gourm    .   b - +0 kite shield
rNeg     . . .     Faith    .   (helmet restricted)
rPois    .         Spirit   .   (no amulet)
rElec    .         Reflect  .   (no ring)
rCorr    .         Harm     .   (no ring)
MR       .....                  (no ring)
Stlth    ++........             (no ring)
HPRegen  0.08/turn              (no ring)
MPRegen  0.08/turn              (no ring)
                                (no ring)
                                (no ring)

@: brilliant, lethally poisoned (-1 -> -14), invisible
A: almost no armour, stealthy swim, amphibious, 8 rings, constrict 8, camouflage
1, gelatinous body 1
a: no special abilities


You were on level 3 of the Dungeon.
You were hungry.

You visited 1 branch of the dungeon, and saw 3 of its levels.

You collected 15 gold pieces.

Inventory:

Hand Weapons
 a - a +0 trident (weapon)
Armour
 b - a +0 kite shield (worn)
Jewellery
 g - a cursed ring of ice {unknown}
Scrolls
 e - a scroll of immolation {unknown}
 h - a scroll of identify {unknown}
 i - a scroll of enchant weapon {unknown}
 k - a scroll of amnesia {unknown}
Potions
 c - a potion of might
Comestibles
 d - 2 rations


   Skills:
 - Level 3.0 Fighting
 + Level 3.5 Polearms
 - Level 3.0 Dodging
 - Level 3.0 Shields


You had 2 spell levels left.
You didn't know any spells.
Your spell library was empty.

Dungeon Overview and Level Annotations

Branches:
Dungeon (3/15)

Altars:
Dithmenos


Innate Abilities, Weirdness & Mutations

You cannot wear most types of armour.
You are very stealthy in the water. (Stealth+)
You are amphibious.
You can wear up to eight rings at the same time.
You can use your tentacles to constrict eight enemies at once.
Your skin changes colour to match your surroundings (Stealth+).
Your rubbery body absorbs attacks. (AC +1, EV +1)


Message History

The worker ant is heavily wounded.
You constrict the worker ant, but do no damage.
The worker ant bites you.
* * * LOW HITPOINT WARNING * * *
The worker ant bites you.
* * * LOW HITPOINT WARNING * * *
You are more poisoned.
The worker ant poisons you!
It was a potion of brilliance.
You feel clever all of a sudden.
You constrict the worker ant.
* * * LOW HITPOINT WARNING * * *
You feel sick.
The worker ant bites you but does no damage.
It was a potion of invisibility.
You fade into invisibility!
You constrict the worker ant.
* * * LOW HITPOINT WARNING * * *
You feel sick. The worker ant bites you.
You die...

. ...## # #.
#...# .##
#.##...##..
#........#
#........#
#........#
#.##..a#####.##
#.##...@†......
.##.
#.###.######.##
..... #.# #)#
.#...####.# #.#
........##.# #.#
#..#..#.##<# #.#
#..#..)..#.# #.#
...##.#).#.# #.#
.........#.###.#


You could see a worker ant.

Vanquished Creatures
  2 adders
  A giant cockroach (D:1)
  2 goblins (D:3)
  2 hobgoblins
  A bat (D:1)
  3 frilled lizards
  2 kobolds (D:1)
  2 rats (D:1)
15 creatures vanquished.

Notes
Turn   | Place    | Note
-------+----------+-------------------------------------------
     0 | D:1      | Maedhros the Octopode Fighter began the quest for the Orb.
     0 | D:1      | Reached XP level 1. HP: 16/16 MP: 1/1
   364 | D:1      | Reached XP level 2. HP: 16/21 MP: 2/2
   765 | D:2      | Found a shadowy altar of Dithmenos.
  1098 | D:3      | Reached XP level 3. HP: 14/26 MP: 3/3
  1102 | D:3      | HP: 1/26 [poisoned by a worker ant]
  1102 | D:3      | Slain by a worker ant

Levels and vault maps discovered:
D:1:      lightli_arrival_isolated_outpost, layout_loops_corners
D:2:      layout_basic, nicolae_dithmenos_shadow_blocks
D:3:      layout_loops_ring, marbit_many_paths, elyvilon_altar_4, uniq_natasha,
          uniq_sigmund, uniq_terence

Skill      XL: |  1  2 |
---------------+-------+-----
Polearms       | 3 |  3.5
Fighting       | |  3.0
Dodging        | |  3.0
Shields        | |  3.0

Action                   || total
-------------------------++-------
Melee: Trident           ||    38
       Constrict         ||    10
       Tentacles         ||     4
  Use: Potion            ||     2
 Stab: Distracted        ||     1
Armor: Skin              ||     3
Dodge: Dodged            ||    10
Block: Kite shield       ||    13

Table legend:
 A = Non-vault XP
 B = Vault XP
 C = Vault XP percentage of total XP
 D = Non-vault monster count
 E = Vault monster count
 F = Vault count percentage of total count
                 A         B        C        D         E       F
            +---------+---------+-------+---------+---------+-------
      Total |      44 |       0 |   0.0 |      15 |       0 |   0.0
            +---------+---------+-------+---------+---------+-------
        D:1 |      11 |       0 |   0.0 |       9 |       0 |   0.0
        D:2 |      13 |       0 |   0.0 |       1 |       0 |   0.0
        D:3 |      20 |       0 |   0.0 |       5 |       0 |   0.0
            +---------+---------+-------+---------+---------+-------
